 Dungeon Crawl Stone Soup version 0.27-a0-1502-g47ed6a6988 (webtiles) character file.

Game seed: 6926142050838381590

2622 wesbby the Spear-Bearer (level 9, -4/81 HPs)
             Began as a Minotaur Berserker on July 8, 2021.
             Was an Elder of Trog.
             Slain by a hornet (8 damage)
             ... on level 7 of the Dungeon.
             The game lasted 00:09:58 (6517 turns).

wesbby the Spear-Bearer (Minotaur Berserker)        Turns: 6517, Time: 00:09:58

Health: -4/81      AC: 16    Str: 32    XL:     9   Next: 34%
Magic:  8/8        EV: 11    Int: 10    God:    Trog [****..]
Gold:   273        SH:  0    Dex:  9    Spells: 8/8 levels left

rFire    . . .     SeeInvis .   a - +1 spear (flame)
rCold    . . .     Faith    .   (no shield)
rNeg     + . .     Spirit   .   w - +6 scale mail "Rioj" {-Cast Fly rN+ Stlth+}
rPois    .         Reflect  .   (helmet restricted)
rElec    .         Harm     .   i - +0 cloak
rCorr    .         Rampage  .   (no gloves)
Will     .....     NoCast   +   x - +0 pair of boots
Stlth    +.........             (no amulet)
HPRegen  0.23/turn              k - +6 ring of strength
MPRegen  0.11/turn              g - +6 ring of intelligence

@: lethally poisoned (-4 -> -9), on berserk cooldown, flying, slowed, very slow
A: horns 2, retaliatory headbutt
a: Renounce Religion, Berserk, Trog's Hand, Brothers in Arms


You were on level 7 of the Dungeon.
You worshipped Trog.
Trog was greatly pleased with you.
You visited 1 branch of the dungeon, and saw 7 of its levels.
You also visited: Ossuary.

You collected 273 gold pieces.

Inventory:

Hand Weapons
 a - a +1 spear of flaming (weapon)
Missiles
 h - 3 throwing nets (quivered)
 p - 4 boomerangs of dispersal
Armour
 b - a +0 animal skin
 d - a +0 scale mail
 i - a +0 cloak (worn)
 w - the +6 scale mail "Rioj" (worn) {-Cast Fly rN+ Stlth+}
   (You found it on level 6 of the Dungeon)

   rN:        It protects you from negative energy.
   Fly:       It grants you flight.
   -Cast:     It prevents spellcasting.
   Stlth:     It makes you more stealthy.
 x - a +0 pair of boots (worn)
Jewellery
 g - a +6 ring of intelligence (right hand)
 k - a +6 ring of strength (left hand)
 r - a ring of magical power
Wands
 f - a wand of digging (6)
 n - a wand of flame (53)
Scrolls
 e - a scroll of blinking
 l - a scroll of identify
 o - a scroll of holy word {unknown}
 t - a scroll of enchant armour {unknown}
 v - a scroll of summoning
Potions
 c - 3 potions of degeneration
 j - 4 potions of haste
 m - 4 potions of curing
 q - 3 potions of flight
 s - 2 potions of lignification
 u - 2 potions of magic {unknown}
 z - a potion of ambrosia {unknown}


   Skills:
 * Level 8.1 Fighting
 * Level 10.9 Polearms
 * Level 8.2 Armour
 + Level 3.4 Dodging
 + Level 1.1 Stealth


You had 8 spell levels left.
You didn't know any spells.
Your spell library was empty.

Dungeon Overview and Level Annotations

Branches:
Dungeon (7/15)             Temple (0/1) D:5         Ossuary (visited)

Altars:
Gozag
Hepliaklqana

Shops:
D:1 [


Innate Abilities, Weirdness & Mutations

You have a pair of horns on your head.
You reflexively headbutt those who attack you in melee.


Message History

The hornet stings you but does no damage.
The hornet stings you!
You are poisoned.
You feel as though you will be slow longer.
You feel very sick.
The hornet stings you but does no damage.
You feel sick. The hornet stings you!
You are more poisoned.
You feel as though you will be slow longer.
You feel very sick. The hornet stings you!
* * * LOW HITPOINT WARNING * * *
You feel as though you will be slow longer.
The hornet stings you but does no damage.
You feel very sick.
A bullfrog skeleton comes into view.
The hornet closely misses you.
You feel sick. The hornet barely misses you. You furiously retaliate!
You headbutt the hornet!
You feel sick. The hornet closely misses you.
You feel sick. The hornet stings you.
* * * LOW HITPOINT WARNING * * *
You feel as though you will be slow longer.
You feel sick.
The hornet stings you but does no damage.
The hornet misses you. You furiously retaliate!
You headbutt the hornet!
You feel sick.
You are no longer poisoned.
The hornet stings you.
* * * LOW HITPOINT WARNING * * *
You are lethally poisoned!
You feel as though you will be slow longer.
* * * LOW HITPOINT WARNING * * *
You feel very sick.
The bullfrog skeleton closely misses you.
The bullfrog skeleton hits you but does no damage.
The hornet closely misses you.
* * * LOW HITPOINT WARNING * * *
You feel sick. The hornet closely misses you. The hornet stings you!
You die...

... #. ##.# #.≈ .. ..
... ≈.≈ #.###.# #.#+#≈≈.
#.#.#.# #.....≈.
###.).#.## #.......
........# #.....#.
..#######..##.###.....#.
....)..@yZ............#.
#.########.....####'###.
#..........#.###.
###.#...####.#.†...
#...#..............
#.###....###.#.....
########'###....#
#.#..†..
#...##.....#....#
#.#.....
#..........#....#
#.......


You could see a hornet and a bullfrog skeleton.

Vanquished Creatures
  Grinder (D:3)
  A steam dragon (D:4)
  A water moccasin (D:7)
  A sky beast (D:6)
  An ice beast (D:5)
  2 ogres (D:5)
  A black bear (D:7)
  5 centaurs
  3 necrophages
  Blork the orc (D:5)
  A bullfrog (D:6)
  A scorpion (D:6)
  5 water moccasin zombies
  A bullfrog zombie (D:5)
  2 gnoll shamans
  2 bullfrog skeletons
  A centaur skeleton (D:6)
  3 hounds
  An iguana (D:5)
  2 orc wizards
  3 mummies
  4 gnolls (D:6)
  7 adders
  A shadow imp (D:6)
  3 adder zombies (Ossuary)
  2 worms
  2 dart slugs
  12 orcs
  7 endoplasms
  4 giant cockroaches
  2 gnoll zombies (Ossuary)
  7 goblins (D:1)
  6 hobgoblins
  2 quokkas
  9 ball pythons
  6 bats
  4 frilled lizards
  4 hobgoblin zombies (Ossuary)
  8 kobolds
  6 kobold zombies (Ossuary)
  11 orc zombies (Ossuary)
  5 rats
151 creatures vanquished.

Vanquished Creatures (others)
  3 plants (D:2)
3 creatures vanquished.

Grand Total: 154 creatures vanquished

Notes
Turn   | Place    | Note
-------+----------+-------------------------------------------
     0 | D:1      | wesbby the Minotaur Berserker began the quest for the Orb.
     0 | D:1      | Reached XP level 1. HP: 19/19 MP: 0/0
   411 | D:1      | Reached XP level 2. HP: 21/27 MP: 1/1
   412 | D:1      | Reached skill level 4 in Polearms
   893 | D:1      | Found Myafent's Armour Shoppe.
   923 | D:1      | Reached ** piety under Trog
   924 | D:1      | Reached XP level 3. HP: 32/34 MP: 2/2
  1509 | D:2      | Found a faded altar of an unknown god.
  1577 | D:2      | Found a hazy altar of Hepliaklqana.
  1808 | D:3      | Noticed Grinder
  1820 | D:3      | Killed Grinder
  1821 | D:3      | Reached skill level 5 in Fighting
  1821 | D:3      | Reached skill level 6 in Polearms
  1821 | D:3      | Reached XP level 4. HP: 42/42 MP: 3/3
  1821 | D:3      | Reached XP level 5. HP: 48/48 MP: 4/4
  2505 | D:3      | Found an opulent altar of Gozag.
  2576 | D:3      | Found a faded altar of an unknown god.
  2578 | D:3      | Found a hazy altar of Hepliaklqana.
  2593 | D:3      | Reached XP level 6. HP: 50/56 MP: 5/5
  3183 | D:4      | Noticed a steam dragon
  3191 | D:4      | Killed a steam dragon
  3359 | D:4      | Found a sand-covered staircase.
  3368 | Ossuary  | Entered an ossuary
  3424 | Ossuary  | Reached skill level 5 in Armour
  3431 | Ossuary  | Reached *** piety under Trog
  3483 | Ossuary  | Reached XP level 7. HP: 41/61 MP: 6/6
  3619 | Ossuary  | Reached skill level 7 in Polearms
  4124 | D:5      | Entered Level 5 of the Dungeon
  4158 | D:5      | Found a staircase to the Ecumenical Temple.
  4174 | D:5      | Reached skill level 8 in Polearms
  4240 | D:5      | Reached XP level 8. HP: 43/71 MP: 7/7
  4750 | D:5      | Reached skill level 9 in Polearms
  4861 | D:5      | Reached **** piety under Trog
  4879 | D:5      | Reached skill level 10 in Polearms
  5041 | D:5      | Noticed Blork the orc
  5048 | D:5      | Killed Blork the orc
  5239 | D:6      | Reached XP level 9. HP: 80/80 MP: 8/8
  5627 | D:6      | Identified the +6 scale mail "Rioj" {-Cast Fly rN+ Stlth+}
  5820 | D:6      | Reached skill level 1 in Stealth
  6517 | D:7      | HP: 4/81 [poisoned by a hornet]
  6517 | D:7      | Slain by a hornet

Illustrated notes

Levels and vault maps discovered:
D:1:      wander_arrival_peaceful_grave, layout_loops_ring, serial_shops, shop,
          minmay_stone_trees_small
D:2:      layout_basic, hellmonk_ecumenical_altar_lost_god, basic_altar,
          serial_bayou_lagoon_b
D:3:      minmay_spotlight, layout_loops_corners,
          beargit_hepliaklqana_dungeon_heroes, nicolae_overflow_hidden_temple,
          gup_sewer_entry_glass, minmay_misc_feat_secret_circle, uniq_grinder
D:4:      layout_basic, gup_ossuary_entry_pyramid
D:5:      cheibrodos_barr_body, layout_loops_ring, temple_green,
          chequers_serial_rivers_micro_a, uniq_blork_the_orc
D:6:      layout_basic
D:7:      cheibrodos_shockbox, layout_basic, kennysheep_little_box,
          chequers_serial_rivers_small_b

Skill      XL: |  1  2  3  4  5  6  7  8  9 |
---------------+----------------------------+-----
Polearms       | 4 6 8 10 | 10.9
Fighting       | 4 5 6 7 8 |  8.1
Armour         | 4 5 6 7 8 |  8.2
Dodging        | 3 |  3.4
Stealth        | 1 |  1.1

Action                   |  1- 3 |  4- 6 |  7- 9 || total
-------------------------+-------+-------+-------++-------
Melee: Spear             |   128 |    88 |   227 ||   443
       Headbutt          |    17 |    11 |    43 ||    71
Invok: Berserk           |     2 |     2 |     8 ||    12
  Use: Scroll            |     4 |       |     7 ||    11
       Potion            |     4 |       |     2 ||     6
Armor: Scale mail        |    23 |    25 |    64 ||   112
Dodge: Dodged            |    35 |    37 |    95 ||   167

Table legend: (Time is in decaauts)
 A = Elapsed time spent in this place.
 B = Non-inter-level travel time spent in this place.
 C = Inter-level travel time spent in this place.
 D = Time resting spent in this place.
 E = Time spent auto-exploring this place.
 F = Levels seen in this place.
 G = Mean time per level.
                   A        B        C        D        E       F      G
               +--------+--------+--------+--------+--------+-----+--------+
         Total |   6519 |   5950 |    569 |    991 |   4125 |   8 |  814.9 |
       Dungeon |   6138 |   5569 |    569 |    788 |   4125 |   7 |  876.9 |
       Ossuary |    381 |    381 |      0 |    202 |      0 |   1 |  381.0 |
               +--------+--------+--------+--------+--------+-----+--------+

Top non-repeatable levels by time:
     D:3: 1183 daAuts
     D:5: 1115 daAuts
     D:6: 1101 daAuts
     D:1: 1058 daAuts
     D:4: 762 daAuts
     D:2: 747 daAuts
 Ossuary: 381 daAuts
     D:7: 170 daAuts
